Map: Catalyst LE

Players

Guru - Winner!

  • Race: Zerg Zerg
  • Spawn Location: 11:00

Scarlett

  • Race: Zerg Zerg
  • Spawn Location: 5:00

Event: IEM Season 12 - Katowice

VOD

Have the link to the VOD?

Description

Time

  • Played on: Feb. 26, 2018, 9:18 a.m.
  • Length: 10:47

All games in this series

Show
View Real Time Build Order
Export as new Build Order

Guru Zerg - Winner!

Build Orders: Hatch First 

Get SALT Encoding   

  12  0:00  Drone  
  13  0:13  Overlord  
  13  0:17  Drone  
  14  0:31  Drone x2  
  16  0:36  Drone  
  17  0:52  Hatchery  
  17  0:55  Drone  
  17  0:59  Drone  
  17  1:02  Extractor  
  17  1:14  Spawning Pool  
  17  1:17  Drone  
  17  1:20  Drone  
  18  1:30  Drone  
  19  1:43  Drone  
  20  2:01  Metabolic Boost  
  20  2:02  Queen  
  20  2:04  Queen  
  20  2:05  Drone  
  20  2:07  Zergling x2  
  26  2:13  Drone  
  27  2:16  Drone  
  28  2:26  Hatchery  
  28  2:30  Drone  
  28  2:34  Overlord  
  28  2:39  Overlord  
  28  2:55  Zergling x10  
  33  3:04  Zergling x2  
  34  3:09  Zergling x2  
  34  3:10  Zergling x8  
  34  3:12  Zergling x4  
  41  3:15  Zergling x2  
  41  3:19  Overlord  
  42  3:23  Drone  
  43  3:28  Baneling Nest  
  43  3:31  Drone x2  
  43  3:39  Queen  
  45  3:41  Drone  
  45  3:47  Drone x2  
  46  3:48  Drone  
  46  3:52  Zergling x4  
  49  3:56  Drone  
  49  3:57  Drone  
  49  3:59  Drone  
  51  4:04  Drone x2  
  51  4:09  Drone x3  
  56  4:13  Baneling x2  
  56  4:15  Drone x2  
  58  4:20  Baneling x2  
  58  4:26  Spine Crawler  
  58  4:27  Zergling x2  
  58  4:32  Baneling  
  58  4:42  Overlord  
  57  4:47  Drone  
  57  4:49  Drone  
  57  4:52  Drone  
  58  4:54  Baneling x2  
  58  4:58  Overlord x2  
  58  5:00  Queen  
  58  5:01  Extractor x2, Overlord  
  58  5:02  Evolution Chamber, Drone x2, Roach Warren  
  58  5:05  Drone x2  
  58  5:07  Drone x2  
  62  5:08  Baneling x2  
  62  5:14  Drone  
  62  5:15  Drone x4  
  62  5:17  Drone  
  63  5:21  Zergling x2  
  63  5:27  Zergling x6  
  61  5:33  Overlord  
  61  5:34  Zergling x8  
  61  5:35  Zergling x4  
  66  5:40  Lair  
  66  5:44  Baneling x2  
  66  5:45  Zergling x6  
  69  5:50  Drone  
  69  5:56  Zerg Missile Weapons Level 1  
  70  5:58  Drone x2  
  70  5:59  Drone x3  
  70  6:00  Drone  
  70  6:01  Drone x4  
  80  6:06  Drone x3  
  80  6:08  Drone  
  84  6:13  Drone x2  
  84  6:17  Overlord  
  86  6:25  Roach x2  
  86  6:26  Roach  
  86  6:29  Overlord  
  88  6:34  Overlord  
  88  6:36  Overlord, Extractor x2  
  88  6:37  Roach x3  
  88  6:38  Roach x2  
  96  6:44  Glial Reconstitution  
  96  6:47  Drone  
  96  6:51  Roach x3  
  96  6:52  Roach  
  96  6:53  Roach  
  107  6:59  Hatchery  
  107  7:00  Overlord  
  107  7:01  Roach x2  
  110  7:02  Roach  
  110  7:03  Roach x2  
  116  7:10  Roach x2  
  116  7:13  Overlord  
  120  7:20  Overlord  
  120  7:21  Roach x2  
  124  7:23  Overlord  
  124  7:26  Drone, Extractor  
  124  7:27  Drone  
  124  7:28  Drone x2, Evolution Chamber  
  124  7:29  Drone  
  127  7:31  Roach  
  127  7:32  Roach x2  
  133  7:39  Roach x3  
  133  7:41  Overlord  
  133  7:43  Roach  
  141  7:50  Roach x2  
  145  7:55  Roach, Zerg Missile Weapons Level 2  
  145  7:57  Overlord, Zerg Ground Armor Level 1  
  145  7:58  Overlord  
  145  8:01  Overlord  
  145  8:02  Overseer  
  145  8:04  Overlord  
  144  8:07  Roach  
  144  8:08  Roach x4  
  144  8:10  Roach  
  155  8:16  Roach x2  
  155  8:17  Roach x2  
  162  8:21  Roach x2  
  162  8:22  Roach  
  162  8:24  Roach  
  162  8:25  Roach  
  170  8:31  Roach x3  
  170  8:32  Roach  
  178  8:37  Roach x3  
  184  8:42  Roach x2  
  184  8:43  Overlord  
  188  8:49  Roach  
  190  8:58  Overlord  
  190  8:59  Ravager  
  190  9:01  Ravager  
  191  9:19  Roach x3  
  182  9:25  Roach x3  
  182  9:26  Roach x4  
  182  9:30  Roach x3  
  182  9:31  Roach x2  
  176  9:34  Roach x7  
  176  9:37  Roach x3  
  178  9:40  Roach x3  
  178  9:41  Roach  
  178  9:45  Roach x2  
  186  9:46  Roach  
  186  9:49  Roach x2  
  190  9:58  Ravager x2  
  185  10:00  Ravager x2  
  185  10:03  Roach x2  
  185  10:04  Roach x2  
  194  10:07  Roach x3  
  192  10:25  Roach x5  
  192  10:26  Roach x4  
  192  10:28  Roach  
Show
View Real Time Build Order
Export as new Build Order

Scarlett Zerg 

Build Orders: Hatch First 

Get SALT Encoding   

  12  0:00  Drone  
  13  0:12  Overlord  
  13  0:17  Drone  
  14  0:30  Drone x2  
  14  0:35  Drone  
  17  0:51  Hatchery  
  17  0:54  Drone  
  17  0:57  Drone  
  17  1:03  Extractor  
  17  1:12  Spawning Pool  
  17  1:15  Drone  
  17  1:18  Drone  
  18  1:28  Drone  
  19  1:38  Drone  
  20  1:49  Overlord  
  20  1:59  Queen  
  22  2:03  Queen  
  22  2:04  Metabolic Boost  
  22  2:05  Drone  
  22  2:06  Drone  
  26  2:11  Drone  
  26  2:15  Drone  
  28  2:22  Drone  
  29  2:25  Drone  
  30  2:33  Drone  
  30  2:36  Hatchery  
  30  2:42  Queen  
  32  2:50  Baneling Nest  
  31  2:52  Overlord  
  31  2:54  Zergling x2  
  31  2:57  Drone  
  33  3:00  Zergling x2  
  35  3:05  Drone x2  
  35  3:09  Overlord  
  35  3:11  Zergling x2  
  38  3:12  Drone  
  38  3:16  Drone  
  39  3:22  Zergling x4  
  41  3:29  Zergling x4  
  41  3:33  Baneling x2  
  43  3:38  Queen  
  43  3:39  Zergling x2  
  43  3:40  Zergling x4  
  43  3:41  Zergling x2  
  46  3:52  Baneling  
  46  3:53  Zergling x8  
  46  3:54  Zergling x2  
  47  3:55  Baneling  
  47  3:59  Queen  
  49  4:02  Overlord  
  49  4:03  Drone  
  49  4:07  Drone  
  49  4:08  Drone  
  52  4:12  Overlord  
  52  4:23  Drone  
  52  4:24  Drone x4  
  57  4:35  Hatchery  
  56  4:42  Drone x3, Overlord  
  55  4:54  Drone x5  
  55  4:58  Extractor x2  
  55  4:59  Roach Warren  
  57  5:03  Drone x2  
  57  5:04  Evolution Chamber  
  57  5:06  Baneling x3  
  59  5:19  Hatchery  
  54  5:22  Zergling x4  
  54  5:29  Drone x5  
  54  5:30  Lair  
  54  5:31  Zerg Missile Weapons Level 1  
  54  5:35  Extractor  
  58  5:42  Roach x3  
  64  5:50  Roach  
  64  5:55  Roach  
  68  6:01  Roach x4  
  76  6:07  Overlord x3  
  76  6:23  Drone  
  76  6:24  Drone x2  
  76  6:28  Overlord  
  76  6:30  Queen  
  78  6:34  Roach x4, Glial Reconstitution  
  78  6:35  Overseer  
  78  6:37  Drone x3  
  89  6:45  Drone x3  
  92  6:57  Drone x3  
  92  7:00  Extractor  
  92  7:01  Drone  
  95  7:03  Evolution Chamber  
  94  7:10  Drone x5  
  94  7:11  Drone x3, Overlord  
  101  7:19  Drone  
  101  7:20  Drone  
  99  7:23  Drone, Extractor  
  99  7:25  Roach  
  99  7:27  Ravager x3  
  99  7:28  Ravager, Zerg Missile Weapons Level 2  
  99  7:29  Zerg Ground Armor Level 1  
  105  7:31  Hatchery  
  105  7:35  Roach  
  105  7:36  Roach x3  
  112  7:49  Drone x8  
  120  7:52  Overlord x2  
  120  8:02  Overlord x2  
  120  8:03  Overlord  
  120  8:05  Roach  
  122  8:06  Overlord  
  122  8:08  Overlord  
  122  8:17  Roach  
  122  8:18  Roach x5  
  122  8:19  Centrifical Hooks  
  130  8:22  Roach  
  131  8:31  Roach x4  
  131  8:34  Roach x4  
  144  8:35  Ravager  
  144  8:36  Ravager  
  144  8:37  Queen  
  144  8:38  Roach  
  144  8:39  Roach  
  154  8:44  Roach  
  156  8:51  Roach x3  
  156  8:52  Roach  
  164  8:56  Roach  
  164  8:57  Roach x3  
  164  9:00  Overlord  
  164  9:01  Roach  
  174  9:05  Roach x2  
  176  9:21  Roach x4  
  166  9:25  Roach x3  
  166  9:31  Queen  
  146  9:32  Roach x6  
  154  9:40  Roach x2  
  154  9:41  Roach x2  
  154  9:54  Roach  
  154  9:55  Roach x2  
  159  10:00  Roach x2  
  159  10:01  Roach  
  159  10:04  Ravager  
  159  10:05  Ravager  
  167  10:09  Roach x3  
  127  10:40  Hatchery  

Tags
 
Add a new tag
Caveats
  • Supply blocks, unpowered buildings, or Contaminate may cause inaccurate times.
  • Supply counts are checked every 10 seconds.